 Dungeon Crawl Stone Soup version 0.27.1-34-g3ba077fa99 (webtiles) character file.

Game seed: 13586333827858908413

7 mcbry74 the Vexing (level 2, -1/27 HPs)
             Began as an Ogre Arcane Marksman on Jan 26, 2022.
             Slain by a hobgoblin (3 damage)
             ... on level 1 of the Dungeon.
             The game lasted 00:01:36 (197 turns).

mcbry74 the Vexing (Ogre Arcane Marksman)            Turns: 197, Time: 00:01:36

Health: -1/27      AC:  3    Str: 13    XL:     2   Next: 0%
Magic:  3/3        EV:  9    Int: 14    God:
Gold:   0          SH:  0    Dex:  9    Spells: 2/3 levels left

rFire    . . .     SeeInvis .   (no weapon)
rCold    . . .     Faith    .   (no shield)
rNeg     . . .     Spirit   .   a - +0 robe
rPois    .         Reflect  .   (helmet restricted)
rElec    .         Harm     .   (no cloak)
rCorr    .         Rampage  .   (gloves unavailable)
Will     .....                  (boots unavailable)
Stlth    +.........             (no amulet)
HPRegen  0.09/turn              (no ring)
MPRegen  0.08/turn              (no ring)

@: no status effects
A: large, unfitting armour, tough skin 1
a: no special abilities


You were on level 1 of the Dungeon.
You visited 1 branch of the dungeon, and saw 1 of its levels.

Inventory:

Hand Weapons
 e - a +0 hunting sling
Missiles
 b - a large rock (quivered)
 c - 2 throwing nets
Armour
 a - a +0 robe (worn)
Potions
 d - a potion of might {unknown}


   Skills:
 - Level 1.3 Fighting
 + Level 2.6 Throwing
 - Level 1.7 Dodging
 - Level 1.2 Spellcasting
 - Level 2.6 Hexes


You had 2 spell levels left.
You knew the following spells:

 Your Spells              Type           Power      Damage    Failure   Level
a - Corona                Hex            8%         N/A       9%          1

Your spell library contained the following spells:

 Spells                   Type           Power      Damage    Failure   Level
 Slow                     Hex            8%         N/A       13%         2
 Inner Flame              Hex/Fire       4%         N/A       41%         3
 Portal Projectile        Hex/Tloc       8%         N/A       41%         3
 Cause Fear               Hex            4%         N/A       65%         4


Dungeon Overview and Level Annotations

Branches:
Dungeon (1/15)

Altars:


Innate Abilities, Weirdness & Mutations

You are too large for most types of armour.
You have tough skin. (AC +1)


Message History

The ball python closely misses you.
You hit the ball python.
You kill the ball python!
You closely miss the hobgoblin. The hobgoblin closely misses you.
You hit the hobgoblin.
The hobgoblin is heavily wounded.
The hobgoblin hits you. x2
* * * LOW HITPOINT WARNING * * *
Found a scroll labelled DAARAC VUPSAI and 14 stones.
Throw: 4 large rocks
Press: ? - help, Q - select action, (/) - cycle Shift-Dir - straight line, f - hobgoblin
Aim: a hobgoblin (heavily wounded, 54% to hit)
You throw a large rock. The large rock hits the hobgoblin.
You kill the hobgoblin!
The hobgoblin hits you but does no damage.
Throw: 3 large rocks
Press: ? - help, Q - select action, (/) - cycle Shift-Dir - straight line, f - hobgoblin
Aim: a hobgoblin (54% to hit)
You throw a large rock. The large rock hits the hobgoblin!
You kill the hobgoblin!
The hobgoblin closely misses you.
You have reached level 2!
Throw: 2 large rocks
Press: ? - help, Q - select action, (/) - cycle Shift-Dir - straight line, f - hobgoblin
Aim: a hobgoblin (54% to hit)
You throw a large rock. The large rock hits the hobgoblin.
The hobgoblin is heavily wounded.
The hobgoblin barely misses you.
The hobgoblin hits you but does no damage.
You hit the hobgoblin but do no damage.
The hobgoblin is heavily wounded.
The hobgoblin hits you.
* * * LOW HITPOINT WARNING * * *
You hit the hobgoblin but do no damage.
The hobgoblin is heavily wounded.
The hobgoblin hits you but does no damage.
You hit the hobgoblin but do no damage.
The hobgoblin is heavily wounded.
The hobgoblin hits you.
You die...

.......... .....(..##
.....?.. ......# ...
...... ... . ...#.##
...? . #.# ..##....
#.#@# #.............
#.#g###..# #.......
#.#g.)...# #.......
###...###..## #....♣..
#...........###.....8.
#####.###.#g..#.......
##.# #..##.#.......
####..# ##.##........<
#.....####............


You could see 2 hobgoblins.

Vanquished Creatures
  A ball python (D:1)
  A goblin (D:1)
  2 hobgoblins (D:1)
  A frilled lizard (D:1)
  A rat (D:1)
6 creatures vanquished.

Notes
Turn   | Place    | Note
-------+----------+-------------------------------------------
     0 | D:1      | mcbry74 the Ogre Arcane Marksman began the quest for the
                  | Orb.
     0 | D:1      | Reached XP level 1. HP: 19/19 MP: 2/2
   194 | D:1      | Reached XP level 2. HP: 3/27 MP: 3/3
   197 | D:1      | Slain by a hobgoblin

Illustrated notes

Levels and vault maps discovered:
D:1:      wander_arrival_peaceful_grave, layout_rooms, basic_ecumenical_altar,
          bh_walls_and_bars

Action                   || total
-------------------------++-------
Melee: Unarmed           ||    36
Throw: Large rock        ||     3
Armor: Robe              ||    10
Dodge: Dodged            ||    17
